Construct Section Command Post
Construct Platoon Command Post
Selects Indian Artillery Battlegroup
Selects Gurkha Rifles Section
Construct Field Infirmary
6-pounder Anti-tank Gun Team
Construct Company Command Post
Unlock M3 Grant Medium Tanks
Selects Volunteer Infantry
Selects Artillery Saturation
Selects Off-map Airburst Barrage
Selects BL5.5 Artillery Emplacement
Unlock Towed 17-pounder Anti-tank Guns